 Dungeon Crawl Stone Soup version 0.31-a0-1074-g0b22e4e0f1 (webtiles) character file.

Game seed: 15753702635947972734

179 lunkers the Insei (level 6, -9/37 HPs)
             Began as a Meteoran Shapeshifter on Dec 8, 2023.
             Was an Initiate of Makhleb.
             Mangled by a hornet (14 damage)
             ... while paralysed by a hornet
             ... on level 5 of the Dungeon.
             The game lasted 00:06:24 (1153 turns).

lunkers the Insei (Meteoran Shapeshifter)           Turns: 1153, Time: 00:06:24

Health: -9/37      AC:  6    Str: 15    XL:     6   Next: 14%
Magic:  7/7        EV:  2    Int: 12    God:    Makhleb [......]
Gold:   116        SH:  0    Dex: 16    Spells: 5/5 levels left

rFire   . .          .
                       - Unarmed
rCold   . . .        (shield currently unavailable)
rNeg    . . .        j - +0 ring mail
rPois   .            (no helmet)
rElec   .            (no cloak)
rCorr   .            h - +0 pair of gloves
SInv    .            (no boots)
Will    .....        (no amulet)
Stlth   +            (no ring)
HPRegen 0.26/turn    (no ring)
MPRegen 0.10/turn

%: no passive effects
@: paralysed, lethally poisoned (-9 -> -15), flux-form, slowed, glowing
A: glow, contaminating, reduced hp, sense surroundings 1, otherworldly, glowing,
explore regen
a: Begin Untransformation, Renounce Religion


You were on level 5 of the Dungeon.
You worshipped Makhleb.
Makhleb was noncommittal.
You were something dangerously unstable.
You visited 2 branches of the dungeon, and saw 6 of its levels.

You collected 116 gold pieces.

Inventory:

Armour
 h - a +0 pair of gloves (worn)
 i - a +0 buckler
 j - a +0 ring mail (worn)
Talismans
 c - a beast talisman
 d - a flux talisman (active)
Scrolls
 a - 2 scrolls of fear
 f - 3 scrolls of identify
 g - a scroll of teleportation
Potions
 b - a potion of lignification
 e - a potion of haste


   Skills:
 - Level 1.1 Fighting
 - Level 2.1 Dodging
 * Level 6.3 Unarmed Combat
 + Level 4.9 Shapeshifting


You had 5 spell levels left.
You didn't know any spells.
Your spell library was empty.

Dungeon Overview and Level Annotations

Branches:
Dungeon (5/15) Zot: 1941   Temple (1/1) D:4 Zot: 516

Altars:
Ashenzari
Elyvilon
Fedhas
Kikubaaqudgha
Makhleb
Nemelex Xobeh
Trog
Uskayaw
Wu Jian
Yredelemnul
The Shining One


Innate Abilities, Weirdness & Mutations

You are something dangerously unstable.
You glow with magical radiation, making you easy to see and hit.
Foes you strike become dangerously contaminated with magical radiation.
Your maximum health is decreased, since you lack skill for your form.
You are incapable of wielding weapons or throwing items.
You passively map a small area around you.
You are easily found by Zot.
You glow in the dark.
You regain HP and MP as you explore.


Message History

No target in view!
No target in view!
No target in view!
No target in view!
No target in view!
You see here a +0 whip.
Found an escape hatch in the ceiling.
No target in view!
No target in view!
No target in view!
No target in view!
No target in view!
No target in view!
No target in view!
No target in view!
No target in view!
No target in view!
Found a stone staircase leading up.
No target in view!
There is a stone staircase leading down, spattered with blood here.
You climb downwards.
Found two leather armours and a scroll labelled NADUHIGATY.
There is a stone staircase leading up here.
Okay, then.
As you read the scroll of identify, it crumbles to dust.
a - 2 scrolls of fear You miss the hornet.
The hornet misses you.
You closely miss the hornet. The hornet stings you!
You suddenly lose the ability to move!
The hornet stings you!
* * * LOW HITPOINT WARNING * * *
You are poisoned.
You shrug off the repeated paralysis!
You feel very sick. The hornet stings you.
* * * LOW HITPOINT WARNING * * *
You feel yourself slow down.
* * * LOW HITPOINT WARNING * * *
You feel very sick. The hornet stings you!
You die...

# * *
[.?.##### ,
* [......p#
,
.......y#*
..#.....# ,
#....w. **
, ,
........,,,
,
..........
..........
*
#.###...###
, ,, ,


You could see a hornet and a dart slug.

Vanquished Creatures
  A sleepcap (D:4)
  An orc wizard (D:3)
  5 adders
  2 dart slugs
  5 orcs
  2 bats
  13 endoplasms
  4 giant cockroaches
  4 goblins
  6 hobgoblins
  7 jackals
  3 quokkas
  3 ball pythons
  3 frilled lizards
  5 kobolds
  4 rats
  A spectral orc (D:3)
69 creatures vanquished.

Notes
Turn   | Place    | Note
-------+----------+-------------------------------------------
     0 | D:1      | lunkers the Meteoran Shapeshifter began the quest for the
                  | Orb.
     0 | D:1      | Reached XP level 1. HP: 16/16 MP: 2/2
    65 | D:1      | Reached XP level 2. HP: 21/23 MP: 3/3
    68 | D:1      | Reached skill level 4 in Unarmed Combat
   144 | D:1      | Reached XP level 3. HP: 21/28 MP: 4/4
   437 | D:2      | Reached skill level 5 in Unarmed Combat
   437 | D:2      | Reached XP level 4. HP: 24/35 MP: 5/5
   529 | D:2      | Found a faded altar of an unknown god.
   544 | D:2      | Found a sparkling altar of Nemelex Xobeh.
   659 | D:3      | Reached XP level 5. HP: 40/40 MP: 6/6
   764 | D:3      | Found a basalt altar of Yredelemnul.
   790 | D:4      | Reached skill level 6 in Unarmed Combat
   894 | D:4      | Found a staircase to the Ecumenical Temple.
   927 | Temple   | Entered the Ecumenical Temple
   974 | Temple   | Became a worshipper of Makhleb the Destroyer
  1037 | D:4      | Reached XP level 6. HP: 26/47 MP: 7/7
  1148 | D:5      | Entered Level 5 of the Dungeon
  1148 | D:5      | Noticed a hornet
  1151 | D:5      | Paralysed by a hornet for 3 turns
  1153 | D:5      | Mangled by a hornet

Illustrated notes

Levels and vault maps discovered:
D:1:      ncdulo_wetmaze, layout_basic, roderic_roman_lattice
D:2:      layout_rooms, hellmonk_ecumenical_altar_run_dry, basic_altar
D:3:      layout_rooms, yredelemnul_forgotten_temple_becter,
          grunt_decor_arrowhead, serial_park_tiny_2, uniq_jessica
D:4:      layout_basic, minmay_temple_entry_junction_2, uniq_natasha
D:5:      layout_cave_pools, mainiacjoe_overflow_alcove_3
Temple:   cyrus_temple_forest

Skill      XL: |  1  2  3  4  5 |
---------------+----------------+-----
Unarmed Combat | 4 5 6 |  6.3
Shapeshifting  | 4 |  4.9
Fighting       | |  1.1
Dodging        | |  2.1

Action                     |  1- 3 |  4- 6 || total
---------------------------+-------+-------++-------
  Melee: Unarmed           |    76 |   109 ||   185
         Punch             |     4 |     2 ||     6
    Use: Scroll            |     1 |     4 ||     5
 Armour: Animal skin       |    36 |    41 ||    77
         Ring mail         |       |    23 ||    23
         Leather armour    |       |    12 ||    12
  Dodge: Dodged            |    45 |    66 ||   111
   Form: Flux              |       |     1 ||     1

Table legend: (Time is in decaauts)
 A = Elapsed time spent in this place.
 B = Non-inter-level travel time spent in this place.
 C = Inter-level travel time spent in this place.
 D = Time resting spent in this place.
 E = Time spent auto-exploring this place.
 F = Levels seen in this place.
 G = Mean time per level.
                   A        B        C        D        E       F      G
               +--------+--------+--------+--------+--------+-----+--------+
         Total |   1140 |   1099 |     41 |      0 |    573 |   6 |  190.0 |
       Dungeon |   1057 |   1016 |     41 |      0 |    573 |   5 |  211.4 |
        Temple |     83 |     83 |      0 |      0 |      0 |   1 |   83.0 |
               +--------+--------+--------+--------+--------+-----+--------+

Top non-repeatable levels by time:
     D:1: 413 daAuts
     D:4: 275 daAuts
     D:2: 215 daAuts
     D:3: 148 daAuts
  Temple: 83 daAuts
     D:5: 4 daAuts
